 Dungeon Crawl Stone Soup version 0.31.0-9-g3a7656b989 (webtiles) character file.

Game seed: 10751697833836765585

9 Eitelfritz the Slasher (level 2, -1/25 HPs)
             Began as a Minotaur Gladiator on Jan 26, 2024.
             Slain by a quokka (3 damage)
             ... on level 1 of the Dungeon.
             The game lasted 00:00:18 (126 turns).

Eitelfritz the Slasher (Minotaur Gladiator)          Turns: 126, Time: 00:00:19

Health: -1/25      AC:  3    Str: 18    XL:     2   Next: 3%
Magic:  1/1        EV: 12    Int:  5    God:
Gold:   23         SH:  0    Dex: 11    Spells: 1/1 levels left

rFire   . . .        a - +0 long sword
rCold   . . .        (no shield)
rNeg    . . .        b - +0 leather armour
rPois   .            c - +0 hat
rElec   .            (no cloak)
rCorr   .            (no gloves)
SInv    .            (no boots)
Will    .....        (no amulet)
Stlth   +            (no ring)
HPRegen 0.24/turn    (no ring)
MPRegen 0.07/turn

%: no passive effects
@: no status effects
A: horns 2, retaliatory headbutt
a: no special abilities


You were on level 1 of the Dungeon.
You visited 1 branch of the dungeon, and saw 1 of its levels.

You collected 23 gold pieces.

Inventory:

Hand Weapons
 a - a +0 long sword (weapon)
Missiles
 d - 3 throwing nets (quivered)
 e - a javelin
Armour
 b - a +0 leather armour (worn)
 c - a +0 hat (worn)


   Skills:
 + Level 2.5 Fighting
 + Level 4.0 Long Blades
 + Level 2.1 Throwing
 + Level 3.4 Dodging


You had one spell level left.
You didn't know any spells.
Your spell library was empty.

Dungeon Overview and Level Annotations

Branches:
Dungeon (1/15)

Altars:


Innate Abilities, Weirdness & Mutations

You have a pair of horns on your head.
You reflexively headbutt those who attack you in melee.


Message History

You slash the kobold!
You kill the kobold!
The bat hits you but does no damage.
You slash the goblin!
You kill the goblin!
The bat barely misses you. You furiously retaliate!
You headbutt the bat!
You kill the bat!
An endoplasm comes into view.
The quokka bites you but does no damage.
Found a stone staircase leading down.
The quokka barely misses you.
Items here: ( )) ††.
You miss the quokka.
The quokka bites you but does no damage.
The kobold hits you with a +0 dagger. The kobold barely misses you.
The quokka twitches its whiskers.
The quokka closely misses you. The quokka bites you.
You closely miss the quokka.
The endoplasm quivers.
The quokka closely misses you. The kobold hits you with a +0 dagger.
The quokka bites you. The quokka misses you.
You miss the quokka. The quokka bites you. The kobold misses you.
The quokka bites you.
* * * LOW HITPOINT WARNING * * *
The quokka completely misses you. The kobold hits you but does no damage.
You hit the quokka.
You kill the quokka!
The quokka bites you but does no damage.
The kobold hits you but does no damage.
You have reached level 2!
The quokka bites you.
* * * LOW HITPOINT WARNING * * *
You see here a quokka corpse.
The kobold attacks as it pursues you! The kobold hits you with a +0 dagger.
* * * LOW HITPOINT WARNING * * *
The quokka attacks as it pursues you! The quokka misses you.
The quokka attacks as it pursues you! The quokka misses you.
You closely miss the quokka. The quokka barely misses you.
The quokka bites you.
You die...

##.# #.# #.
#.# . ##
#.#### ##.
.# #....#
#....###
####.#
#.#....#
#.# #.....
#.###.#.#
#@rJ#...#
###K†)#.#
##.........
##........
###.....>
....##
#####


You could see an endoplasm, a quokka and a kobold.

Vanquished Creatures
  A ball python (D:1)
  An endoplasm (D:1)
  A hobgoblin (D:1)
  2 kobolds (D:1)
  A quokka (D:1)
  A bat (D:1)
  A goblin (D:1)
8 creatures vanquished.

Vanquished Creatures (others)
  A frilled lizard (D:1)
1 creature vanquished.

Grand Total: 9 creatures vanquished

Notes
Turn   | Place    | Note
-------+----------+-------------------------------------------
     0 | D:1      | Eitelfritz the Minotaur Gladiator began the quest for the
                  | Orb.
     0 | D:1      | Reached XP level 1. HP: 18/18 MP: 0/0
     0 | D:1      | Noticed a shadow dragon
     0 | D:1      | Noticed an orb of fire
     1 | D:1      | Noticed an orb of fire
     3 | D:1      | Noticed a tentacled monstrosity
     3 | D:1      | Noticed a shadow dragon
     6 | D:1      | Noticed an ice dragon
     7 | D:1      | Noticed a red draconian
     8 | D:1      | Noticed a shadow dragon
     9 | D:1      | Noticed a shadow dragon
    11 | D:1      | Noticed an ice dragon
    13 | D:1      | Noticed an ice dragon
    13 | D:1      | Noticed a shadow dragon
    15 | D:1      | Noticed a shadow dragon
    17 | D:1      | Noticed an iron dragon
    17 | D:1      | Noticed a shadow dragon
    19 | D:1      | Noticed an orb of fire
    19 | D:1      | Noticed an orb of fire
    21 | D:1      | Noticed a shadow dragon
    91 | D:1      | Reached skill level 4 in Long Blades
   122 | D:1      | Reached XP level 2. HP: 7/25 MP: 1/1
   123 | D:1      | HP: 1/25 [kobold/+0 dagger (3)]
   126 | D:1      | Slain by a quokka

Illustrated notes

Levels and vault maps discovered:
D:1:      shiori_arrival_whats_in_store_for_you, layout_basic, serial_shops,
          shop

Skill      XL: |  1 |
---------------+----+-----
Long Blades    | 4 |  4.0
Fighting       | |  2.5
Throwing       | |  2.1
Dodging        | |  3.4

Action                     || total
---------------------------++-------
  Melee: Long sword        ||    22
 Armour: Leather armour    ||    31
  Dodge: Dodged            ||    26
